 Dungeon Crawl Stone Soup version 0.20-a0-848-g73d9be0 (webtiles) character file.

15453 George the Fencer (level 12, 0/105 HPs)
             Began as a Minotaur Fighter on Mar 9, 2017.
             Was a Priest of Wu Jian.
             Killed from afar by a deep elf mage (16 damage)
             ... with a stone arrow
             ... in a bailey.
             The game lasted 00:20:34 (10278 turns).

George the Fencer (Minotaur Fighter)               Turns: 10278, Time: 00:20:34

Health: 0/105      AC: 17    Str: 28    XL:     12   Next: 1%
Magic:  11/11      EV: 12    Int:  5    God:    Wu Jian [***...]
Gold:   592        SH: 12    Dex: 13    Spells: 6/11 levels left

rFire    . . .     SeeInvis .   a - +0 long sword
rCold    . . .     Gourm    .   C - +3 chain mail
rNeg     + . .     Faith    .   c - +0 shield
rPois    +         Spirit   .   (helmet restricted)
rElec    .         Reflect  .   j - +2 cloak
rCorr    .         Harm     .   (no gloves)
MR       .....                  (no boots)
Stlth    ..........             v - amulet of magic regeneration
Regen    0.3/turn               b - ring of positive energy
MPRegen  0.2/turn               B - ring of poison resistance

@: mighty
A: retaliatory headbutt, horns 2
a: Renounce Religion


You were in a bailey.
You worshipped Wu Jian.
Wu Jian was most pleased with you.
You were hungry.

You visited 2 branches of the dungeon, and saw 11 of its levels.
You also visited: Bailey.

You collected 592 gold pieces.

Inventory:

Hand Weapons
 a - a +0 long sword (weapon)
Missiles
 y - 5 throwing nets (quivered)
Armour
 c - a +0 shield (worn)
 j - a +2 cloak (worn)
 C - a +3 chain mail (worn)
Jewellery
 b - a ring of positive energy (right hand)
 v - an amulet of magic regeneration (around neck)
 B - a ring of poison resistance (left hand)
Wands
 g - a wand of paralysis (9/24)
 o - a wand of random effects (22/48)
 H - a wand of paralysis (13/24)
 I - a wand of iceblast (3/15)
Scrolls
 e - 3 scrolls of teleportation {unknown}
 h - 2 scrolls of amnesia {unknown}
 k - 4 scrolls of blinking {unknown}
 l - 2 scrolls of random uselessness {unknown}
 m - a scroll of brand weapon {unknown}
 n - 3 scrolls of recharging {unknown}
 p - 2 scrolls of noise {unknown}
 q - a scroll of enchant weapon {unknown}
 r - 3 scrolls of magic mapping {unknown}
 x - a scroll of fear {unknown}
 D - 4 scrolls of remove curse {unknown}
 J - a scroll of acquirement {unknown}
Potions
 i - 2 potions of haste {unknown}
 s - 2 potions of flight
 t - 4 potions of curing
 z - a potion of cancellation
 A - a potion of berserk rage
 E - 2 potions of heal wounds
 G - a potion of ambrosia
Comestibles
 f - 4 bread rations
 w - 6 meat rations
 F - 8 royal jellies


   Skills:
 + Level 9.5 Fighting
 + Level 15.8 Long Blades
 + Level 9.4 Armour
 + Level 7.9 Dodging
 + Level 9.3 Shields


You had 6 spell levels left.
You knew the following spells:

 Your Spells              Type           Power        Failure   Level  Hunger
a - Blink                 Tloc           N/A          100%        2    ###....
b - Regeneration          Chrm/Necr      #.........   100%        3    ####...


Dungeon Overview and Level Annotations

Branches:
Dungeon (10/15)            Temple (1/1) D:7             Orc (0/2) D:9
   Lair: D:8-11

Altars:
Ashenzari
Cheibriados
Dithmenos
Elyvilon
Fedhas
Gozag
Hepliaklqana
Kikubaaqudgha
Makhleb
Nemelex Xobeh
Okawaru
Qazlal
Ru
Sif Muna
Trog
Uskayaw
Vehumet
Wu Jian
Xom
Yredelemnul
Zin
The Shining One


Innate Abilities, Weirdness & Mutations

You reflexively headbutt those who attack you in melee.
You have a pair of horns on your head.


Message History

You slash the earth elemental! You headbutt the earth elemental.
You destroy the earth elemental!
You hit the earth elemental but do no damage.
Your headbutt misses the earth elemental.
The deep elf mage mumbles some strange words.
The deep elf mage blinks!
You hit the earth elemental but do no damage.
Your headbutt misses the earth elemental.
The earth elemental disappears in a puff of smoke!
The deep elf mage hits you with a long sword.
* * * LOW HITPOINT WARNING * * *
You see here a long sword.
You spin and attack the deep elf mage.
You slash the deep elf mage! You headbutt the deep elf mage.
The deep elf mage is heavily wounded.
The deep elf mage gestures wildly while chanting.
The deep elf mage blinks!
The deep elf mage casts a spell at you. The stone arrow hits you!
You die...

#### ##..##
#....# #....#
e. ##..###+
###.
###)§.###...##
#§§@..#.....#
#..)..#.....#
#e..).#.....#
##...)#....#
#####e#####
#....#....##
#..EE.#.....#
#.....#..∩..#
#.....#.....#


You could see 2 deep elf magi.

Vanquished Creatures
  3 two-headed ogres
  5 deep elf magi (Bailey)
  The ghost of Apogee the Basher, a novice MiFi of Okawaru (D:6)
  Joseph (D:8)
  A gargoyle (D:8)
  A queen bee (D:8)
  2 trolls (D:9)
  A hornet (D:8)
  A hippogriff (D:7)
  A wyvern (D:9)
  2 hungry ghosts
  2 sky beasts
  A black bear (D:10)
  4 phantoms
  4 orc warriors
  An ice beast (D:6)
  7 ogres
  A centaur (D:5)
  2 big kobolds
  10 bullfrogs
  6 gnoll sergeants (D:9)
  3 scorpions
  16 killer bees
  5 wights (D:5)
  4 howler monkeys
  6 hounds
  3 jellies
  5 orc priests
  2 bullfrog skeletons
  7 orc wizards
  6 iguanas
  9 worker ants
  Robin (D:2)
  A worker ant zombie (D:8)
  10 adders
  15 gnolls
  3 shadow imps
  3 oozes
  2 adder zombies
  6 worms
  3 dart slugs
  7 leopard geckos
  44 orcs
  A ball python (D:6)
  5 bats
  2 giant cockroaches
  18 goblins
  15 hobgoblins
  15 jackals
  6 quokkas
  7 frilled lizards
  6 kobolds
  A leopard gecko zombie (D:5)
  11 rats
305 creatures vanquished.

Notes
Turn   | Place    | Note
-------+----------+-------------------------------------------
     0 | D:1      | George the Minotaur Fighter began the quest for the Orb.
     0 | D:1      | Reached XP level 1. HP: 19/19 MP: 0/0
    22 | D:1      | Reached skill level 3 in Long Blades
    44 | D:1      | Reached XP level 2. HP: 26/26 MP: 1/1
   184 | D:1      | Reached skill level 4 in Long Blades
   253 | D:1      | Reached XP level 3. HP: 31/31 MP: 2/2
   625 | D:2      | Noticed Robin
   984 | D:1      | Reached skill level 5 in Long Blades
  1184 | D:2      | Killed Robin
  1184 | D:2      | Reached XP level 4. HP: 34/39 MP: 3/3
  1874 | D:2      | Reached skill level 6 in Long Blades
  1972 | D:3      | Reached XP level 5. HP: 38/45 MP: 4/4
  2157 | D:3      | Found a hide-covered altar of Uskayaw.
  2197 | D:3      | Reached skill level 7 in Long Blades
  2360 | D:3      | Noticed a hungry ghost
  2379 | D:3      | Killed a hungry ghost
  2379 | D:3      | Reached skill level 8 in Long Blades
  2379 | D:3      | Reached XP level 6. HP: 49/51 MP: 5/5
  2444 | D:3      | Found a hazy altar of Hepliaklqana.
  2507 | D:3      | Found a burning altar of Makhleb.
  2876 | D:4      | Reached skill level 9 in Long Blades
  2884 | D:4      | Reached XP level 7. HP: 53/57 MP: 6/6
  3024 | D:4      | Reached skill level 10 in Long Blades
  3677 | D:5      | Entered Level 5 of the Dungeon
  3876 | D:5      | Reached skill level 11 in Long Blades
  3879 | D:5      | Reached XP level 8. HP: 19/64 MP: 7/7
  4733 | D:5      | Reached skill level 12 in Long Blades
  4846 | D:6      | Noticed Apogee's ghost (novice MiFi)
  4884 | D:6      | Killed Apogee's ghost
  4884 | D:6      | Reached skill level 13 in Long Blades
  5137 | D:6      | Reached XP level 9. HP: 28/70 MP: 8/8
  5623 | D:6      | Reached skill level 14 in Long Blades
  6334 | D:7      | Found a staircase to the Ecumenical Temple.
  6342 | Temple   | Entered the Ecumenical Temple
  6349 | Temple   | Became a worshipper of the Wu Jian Council
  6517 | D:7      | Noticed a two-headed ogre
  6536 | D:7      | HP: 2/71 [two-headed ogre/giant club (14)]
  6541 | D:7      | Killed a two-headed ogre
  6541 | D:7      | Reached skill level 15 in Long Blades
  6892 | D:7      | Reached skill level 5 in Dodging
  6892 | D:7      | Reached XP level 10. HP: 86/86 MP: 9/9
  6913 | D:8      | Noticed Joseph
  7105 | D:8      | Paralysed by Joseph for 4 turns
  7112 | D:8      | Killed Joseph
  7381 | D:8      | Reached XP level 11. HP: 85/94 MP: 10/10
  7459 | D:8      | Noticed a two-headed ogre
  7473 | D:8      | Killed a two-headed ogre
  7811 | D:8      | Reached * piety under Wu Jian
  8064 | D:8      | Learned a level 2 spell: Blink
  8262 | D:9      | Noticed a two-headed ogre
  8271 | D:9      | Killed a two-headed ogre
  8687 | D:9      | Reached ** piety under Wu Jian
  8897 | D:9      | Learned a level 3 spell: Regeneration
  9536 | D:9      | Reached *** piety under Wu Jian
  9541 | D:9      | Found a staircase to the Orcish Mines.
  9629 | D:9      | Found a basalt altar of Yredelemnul.
  9813 | D:10     | Entered Level 10 of the Dungeon
 10043 | D:10     | Found a flagged portal.
 10049 | Bailey   | Entered a bailey
 10057 | Bailey   | Noticed a deep elf mage
 10063 | Bailey   | Killed a deep elf mage
 10249 | Bailey   | Noticed a deep elf mage
 10250 | Bailey   | Noticed a deep elf mage
 10250 | Bailey   | Noticed a deep elf mage
 10250 | Bailey   | Noticed a deep elf mage
 10251 | Bailey   | Noticed a deep elf mage
 10251 | Bailey   | Noticed a deep elf mage
 10256 | Bailey   | Killed a deep elf mage
 10256 | Bailey   | Killed a deep elf mage
 10261 | Bailey   | Killed a deep elf mage
 10264 | Bailey   | Killed a deep elf mage
 10264 | Bailey   | Reached XP level 12. HP: 16/105 MP: 11/11
 10278 | Bailey   | Killed from afar by a deep elf mage

Vault maps used:
D:1:      dpeg_arrival_morbid_curiosity, minmay_misc_feat_pillars,
          grunt_decor_arrowhead
D:2:      first_bread, uniq_robin
D:3:      lightli_temple_of_fire, lemuel_crystal_altar, lemuel_round_altar
D:7:      minmay_temple_entry_junction
D:8:      uniq_joseph
D:9:      kennysheep_little_box, kennysheep_orc_monster_closet_entryway,
          david_nohive_1
D:10:     enter_bailey_3
Temple:   nicolae_temple_no_exploring_needed
Bailey:   bailey_polearm_3, bailey

Skill      XL: |  1  2  3  4  5  6  7  8  9 10 11 |
---------------+----------------------------------+-----
Long Blades    | 3 4 5 6 8 9 11 13 15 | 15.8
Fighting       | 7 9 |  9.5
Armour         | 7 9 |  9.4
Dodging        | 5 6 7 |  7.9
Shields        | 7 9 |  9.3

Action                   |  1- 3 |  4- 6 |  7- 9 | 10-12 || total
-------------------------+-------+-------+-------+-------++-------
Melee: Long sword        |    99 |   165 |   348 |   479 ||  1091
       Headbutt          |    13 |    28 |    66 |    93 ||   200
Throw: Throwing net      |       |       |     2 |       ||     2
Evoke: Wand              |       |       |       |     2 ||     2
  Use: Scroll            |       |       |     9 |     2 ||    11
       Potion            |       |       |     1 |     1 ||     2
 Stab: Held in net/web   |       |       |     1 |       ||     1
  Eat: Chunk             |     1 |     8 |    13 |    13 ||    35
       Fruit             |       |     2 |       |     1 ||     3
Armor: Scale mail        |    55 |    31 |       |       ||    86
       Chain mail        |       |    35 |   128 |   147 ||   310
Dodge: Dodged            |    36 |    41 |    43 |   126 ||   246
Block: Shield            |    74 |    64 |   111 |   196 ||   445
       Rpst.: Long sword |     8 |    10 |    21 |    33 ||    72
